 Dungeon Crawl Stone Soup version 0.28.0-47-ge53b351184 (webtiles) character file.

Game seed: 1455938540416210277

196 pkoi the Caller (level 5, -7/38 HPs)
             Began as a Demigod Summoner on May 6, 2022.
             Mangled by an iguana (14 damage)
             ... on level 4 of the Dungeon.
             The game lasted 00:06:09 (5902 turns).

pkoi the Caller (Demigod Summoner)                  Turns: 5902, Time: 00:06:09

Health: -7/38      AC:  2    Str:  9    XL:     5   Next: 21%
Magic:  10/10      EV: 12    Int: 21    God:
Gold:   124        SH:  0    Dex: 14    Spells: 4/7 levels left

rFire   . . .      SeeInvis .   m - +1 dagger (speed)
rCold   . . .      Faith    .   (no shield)
rNeg    . . .      Spirit   .   a - +0 robe
rPois   .          Reflect  .   (no helmet)
rElec   .          Harm     .   (no cloak)
rCorr   .          Rampage  .   (no gloves)
Will    .....                   (no boots)
Stlth   ++........              (no amulet)
HPRegen 0.12/turn               (no ring)
MPRegen 0.12/turn               (no ring)

@: no status effects
A: high MP 1, forlorn, divine attributes
a: no special abilities


You were on level 4 of the Dungeon.
You visited 1 branch of the dungeon, and saw 4 of its levels.

You collected 124 gold pieces.

Inventory:

Hand Weapons
 d - a +0 dagger
 e - a +0 whip
 i - a +0 dagger of speed
 m - a +1 dagger of speed (weapon)
Armour
 a - a +0 robe (worn)
Jewellery
 f - an amulet of guardian spirit
Wands
 n - a wand of acid (9)
Scrolls
 j - a scroll of enchant armour {unknown}
 l - a scroll of magic mapping {unknown}
Potions
 b - a potion of heal wounds {unknown}
 c - a potion of resistance {unknown}
 g - a potion of flight {unknown}
 h - a potion of curing {unknown}
 k - a potion of might {unknown}


   Skills:
 + Level 2.6 Armour
 - Level 1.7 Dodging
 - Level 1.7 Stealth
 - Level 1.7 Spellcasting
 + Level 5.4 Summonings


You had 4 spell levels left.
You knew the following spells:

 Your Spells              Type           Power      Damage    Failure   Level
a - Summon Small Mammal   Summ           96%        N/A       1%          1
b - Call Imp              Summ           24%        N/A       2%          2

Your spell library contained the following spells:

 Spells                   Type           Power      Damage    Failure   Level
 Call Canine Familiar     Summ           24%        N/A       4%          3
 Summon Guardian Golem    Hex/Summ       13%        N/A       16%         3
 Animate Armour           Summ/Erth      26%        N/A       45%         4
 Summon Lightning Spire   Summ/Air       13%        N/A       45%         4
 Blade Hands              Tmut           0%         N/A       99%         5
 Iron Shot                Conj/Erth      0%         9d1       100%        6


Dungeon Overview and Level Annotations

Branches:
Dungeon (4/15)
 Temple: D:4-7


Innate Abilities, Weirdness & Mutations

You have an increased reservoir of magic. (+10% MP)
You shall have no god before yourself.
Your divine heritage dramatically boosts your attributes as you level up.


Message History

* * * LOW HITPOINT WARNING * * *
Your quokka bites the iguana.
Unknown command.
You hit the iguana but do no damage.
The iguana is lightly wounded.
Your quokka bites the iguana.
The iguana bites you!
* * * LOW HITPOINT WARNING * * *
Unknown command.
Your quokka closely misses the iguana.
You swap places.
Your quokka bites the iguana but does no damage.
Your crimson imp blinks!
Casting: Call Imp (safe; 2% risk of failure)
Confirm with . or Enter, or press ? or * to list all spells.
A shadowy apparition takes form in the air.
Your crimson imp disappears in a puff of smoke!
The iguana barely misses you.
Unknown command.
Your quokka closely misses the iguana.
Your shadow imp gestures at the iguana.
The iguana writhes in agony.
Your quokka bites the iguana.
The iguana bites your quokka!
Your quokka dies!
Your quokka's corpse disappears in a puff of smoke!
Unknown command.
Your shadow imp completely misses the iguana.
Your shadow imp barely misses the iguana.
What are your orders? t - Shout!
Orders for allies: a - Attack new target. r - Retreat! s - Stop attacking. g - Guard the area. f - Follow me.
Anything else - Cancel.
Gang up on whom?
Press: ? - help, Dir - move target, f - iguana
Aim: an iguana (severely wounded, ally target) Attack!
Unknown command.
The iguana bites you!
You die...

######## #......#
#.####.# #.# #.##
########### #.#
#..####.........# #.#
##..........#...# #.#
#.#......#####.# #.#
#.#....@.......# #.#
#.....l#...#...# #.#
###......#.....#.# #.#
#....#.#.#.#.#...# #.#
#.......5#.......#
#.###)...#...#......##
#...#...............#
#......#####...###..#
#.........[....# #.##


You could see an iguana (ally target) and a friendly shadow imp (summoned).

Vanquished Creatures
  A hound (D:4)
  A hound skeleton (D:4)
  An adder (D:2)
  A dart slug (D:2)
  An orc (D:4)
  A bat (D:2)
  An endoplasm (D:2)
  A giant cockroach (D:2)
  2 goblins (D:2)
  A kobold (D:2)
  2 frilled lizards
  2 rats
15 creatures vanquished.

Vanquished Creatures (collateral kills)
  2 iguanas (D:4)
  3 adders (D:2)
  A worm (D:2)
  5 ball pythons
  4 endoplasms
  A giant cockroach (D:1)
  9 goblins
  3 hobgoblins
  A jackal (D:2)
  2 quokkas
  4 bats
  2 frilled lizards
  A kobold (D:4)
  2 rats
40 creatures vanquished.

Grand Total: 55 creatures vanquished

Notes
Turn   | Place    | Note
-------+----------+-------------------------------------------
     0 | D:1      | pkoi the Demigod Summoner began the quest for the Orb.
     0 | D:1      | Reached XP level 1. HP: 14/14 MP: 5/5
   610 | D:1      | Reached skill level 4 in Summonings
   960 | D:1      | Reached XP level 2. HP: 14/20 MP: 7/7
  2340 | D:2      | Learned a level 2 spell: Call Imp
  2539 | D:2      | Identified a scroll of acquirement
  2539 | D:2      | Acquired a book of Iron
  2663 | D:2      | Reached XP level 3. HP: 21/26 MP: 5/8
  3725 | D:2      | Reached skill level 1 in Armour
  4386 | D:2      | Reached XP level 4. HP: 33/33 MP: 5/9
  4800 | D:3      | You fall into a shaft and drop 1 floor!
  4813 | D:4      | Reached skill level 5 in Summonings
  5608 | D:4      | Reached XP level 5. HP: 23/38 MP: 5/10
  5902 | D:4      | Mangled by an iguana

Illustrated notes

Levels and vault maps discovered:
D:1:      lightli_molten_gateway, layout_loops_corners,
          shapermc_ecumenical_altar_venn
D:2:      minmay_razor_zed, layout_loops_ring
D:3:      cheibrodos_thug_alley, layout_rooms, gammafunk_ghost_arena,
          hex_medium, minivault_24, kennysheep_minor_cross,
          kennysheep_nondescript, chequers_garden, uniq_sigmund
D:4:      cheibrodos_barr_body, layout_rooms, minmay_misc_feat_five,
          hangedman_decor_lopped, kennysheep_flooded_box

Skill      XL: |  1  2  3  4 |
---------------+-------------+-----
Summonings     | 4 5 |  5.4
Armour         | 1 2 |  2.6
Dodging        | |  1.7
Stealth        | |  1.7
Spellcasting   | |  1.7

Action                   |  1- 3 |  4- 6 || total
-------------------------+-------+-------++-------
Melee: Dagger            |    83 |    65 ||   148
       Unarmed           |     4 |       ||     4
       Punch             |     2 |     1 ||     3
 Cast: Summon Small Mamm |    63 |    13 ||    76
       Call Imp          |     7 |    11 ||    18
  Use: Scroll            |     3 |       ||     3
 Stab: Sleeping          |     2 |       ||     2
       Distracted        |       |     1 ||     1
Armor: Robe              |    21 |     5 ||    26
Dodge: Dodged            |    59 |    32 ||    91
